 Dungeon Crawl Stone Soup version 0.30-b1-2-g02819fbbbe (webtiles) character file.

Game seed: 14901906808384516891

122 Flugkiller the Trooper (level 4, -4/41 HPs)
             Began as a Minotaur Fighter on May 8, 2023.
             Killed by divine providence
             ... invoked by an orc priest
              (7 damage)
             ... on level 4 of the Dungeon.
             The game lasted 00:01:00 (2256 turns).

Flugkiller the Trooper (Minotaur Fighter)           Turns: 2256, Time: 00:01:01

Health: -4/41      AC:  9    Str: 21    XL:     4   Next: 78%
Magic:  3/3        EV:  8    Int:  5    God:
Gold:   211        SH:  4    Dex: 11    Spells: 3/3 levels left

rFire   . . .        a - +0 war axe
rCold   . . .        c - +0 buckler
rNeg    . . .        s - +0 chain mail
rPois   .            (helmet restricted)
rElec   .            (no cloak)
rCorr   .            (no gloves)
SInv    .            (no boots)
Will    .....        (no amulet) Stlth
                     (no ring)
HPRegen 0.26/turn    (no ring)
MPRegen 0.08/turn

%: no passive effects
@: brilliant
A: horns 2, retaliatory headbutt
a: no special abilities


You were on level 4 of the Dungeon.
You visited 1 branch of the dungeon, and saw 4 of its levels.

You collected 211 gold pieces.

Inventory:

Hand Weapons
 a - a +0 war axe (weapon)
Armour
 b - a +0 scale mail
 c - a +0 buckler (worn)
 s - a +0 chain mail (worn)
   (You found it on level 4 of the Dungeon)
Scrolls
 f - 2 scrolls of enchant weapon {unknown}
 g - 2 scrolls of teleportation {unknown}
 h - a scroll of poison {unknown}
 i - 9 scrolls of identify {unknown}
 k - a scroll of amnesia {unknown}
 l - 2 scrolls of vulnerability {unknown}
 p - a scroll of blinking {unknown}
Potions
 d - a potion of might
 e - 3 potions of brilliance
 j - 2 potions of haste {unknown}
 m - a potion of degeneration {unknown}
 n - a potion of heal wounds {unknown}
 o - a potion of cancellation {unknown}
 q - 2 potions of curing
 r - a potion of berserk rage {unknown}
 t - 3 potions of mutation {unknown}


   Skills:
 + Level 4.4 Fighting
 * Level 4.2 Axes
 + Level 4.4 Armour
 + Level 4.3 Shields


You had 3 spell levels left.
You didn't know any spells.
Your spell library was empty.

Dungeon Overview and Level Annotations

Branches:
Dungeon (4/15)
 Temple: D:4-7

Altars:
Makhleb

Shops:
D:1 ?


Innate Abilities, Weirdness & Mutations

You have a pair of horns on your head.
You reflexively headbutt those who attack you in melee.


Message History

You furiously retaliate!
You headbutt the orc. You closely miss the orc.
The orc is severely wounded.
The orc hits you but does no damage.
You are electrocuted!!
You hit the orc.
You kill the orc!
No target in view!
No target in view!
No target in view!
i - 9 scrolls labelled PUTEAWK XUAM (gained 1)
Items here: )) [ †.
Found a club.
t - 2 fuming brown potions
g - 2 scrolls labelled NIOFAU OJOMUOM (gained 1)
You open the door. You open the door.
There is an open door here.
Things that are here:
a +0 club; a hobgoblin skeleton; a hobgoblin skeleton
Things that are here:
a +0 dagger; a +0 club; a goblin skeleton
Found a stone staircase leading down.
No target in view!
No target in view!
No target in view!
No target in view!
No target in view!
No target in view!
You now have 211 gold pieces (gained 7).
You open the door.
Found a book of Blood.
There is an open door here.
You open the door.
There is an open door here.
t - 3 fuming brown potions (gained 1)
A sleepcap comes into view.
A sleepcap is nearby!
You hit the sleepcap. You headbutt the sleepcap.
The sleepcap is moderately damaged.
You block the sleepcap's attack.
You hit the sleepcap.
The sleepcap is heavily damaged.
The sleepcap misses you.
You hit the sleepcap.
The sleepcap is severely damaged.
You block the sleepcap's attack. The sleepcap barely misses you.
You furiously retaliate!
You headbutt the sleepcap!
You destroy the sleepcap!
No target in view!
No target in view!
No target in view!
No target in view!
An orc and 2 orc priests come into view.
The orc shouts!
The orc priest shouts! x2
The orc priest calls down the wrath of Beogh upon you.
Beogh smites you!
There are monsters nearby!
There are monsters nearby!
An orc wizard comes into view. It is wielding a +2 dagger of venom.
The orc priest invokes the aid of Beogh against you.
Pain shoots through your body!
You hit the orc priest but do no damage.
Your headbutt misses the orc priest.
The orc priest mumbles some strange prayers to Beogh against you.
Beogh smites you!
* * * LOW HITPOINT WARNING * * *
The orc priest closely misses you. You furiously retaliate!
You headbutt the orc priest, but do no damage.
You hit the orc priest but do no damage.
Your headbutt misses the orc priest.
The orc priest hits you but does no damage.
You are too injured to fight recklessly!
You closely miss the orc priest.
You headbutt the orc priest, but do no damage.
The orc priest calls down the wrath of Beogh upon you.
Pain shoots through your body!
* * * LOW HITPOINT WARNING * * *
It was a potion of brilliance.
You feel clever all of a sudden. You block the orc priest's attack.
Unknown command.
Okay, then.
It was a potion of curing.
You feel better.
q - 2 potions of curing;
n - a lumpy grey potion The orc priest barely misses you.
You closely miss the orc priest. Your headbutt misses the orc priest.
The orc priest hits you but does no damage.
You hit the orc. You headbutt the orc.
You kill the orc!
You closely miss the orc priest. You block the orc priest's attack.
You barely miss the orc priest.
The orc priest mumbles some strange prayers to Beogh against you.
Pain shoots through your body!
* * * LOW HITPOINT WARNING * * *
You block the orc priest's attack.
You slash the orc priest!
You kill the orc priest!
The orc priest calls down the wrath of Beogh upon you.
Beogh smites you!
You die...

#.........# #.# .#
#..######.# #.# #...
#.#
#.##.....####.#####.#
#.##...#...........#
#.#..##.###.#######
..... # #.#
#.#######.#
#oo@......#
###########


You could see an orc priest and an orc wizard.

Vanquished Creatures
  An orc priest (D:4)
  A sleepcap (D:4)
  Robin (D:4)
  2 worms (D:3)
  A dart slug (D:1)
  4 orcs (D:4)
  3 ball pythons
  5 endoplasms
  3 giant cockroaches
  12 goblins
  8 hobgoblins
  6 jackals
  6 kobolds
  A quokka (D:4)
  A bat (D:1)
  5 frilled lizards
  8 rats
68 creatures vanquished.

Vanquished Creatures (others)
  2 plants (D:2)
2 creatures vanquished.

Grand Total: 70 creatures vanquished

Notes
Turn   | Place    | Note
-------+----------+-------------------------------------------
     0 | D:1      | Flugkiller the Minotaur Fighter began the quest for the
                  | Orb.
     0 | D:1      | Reached XP level 1. HP: 19/19 MP: 0/0
     7 | D:1      | Found Ibucwol's Magic Scroll Boutique.
    44 | D:1      | Reached XP level 2. HP: 27/27 MP: 1/1
   520 | D:2      | Reached XP level 3. HP: 32/33 MP: 2/2
   972 | D:3      | Found a burning altar of Makhleb.
  1169 | D:3      | Identified the +3 ring mail of Asceticism {Dex+3}
  1804 | D:4      | Noticed Robin
  1811 | D:4      | Reached XP level 4. HP: 30/40 MP: 3/3
  1819 | D:4      | Killed Robin
  2255 | D:4      | HP: 2/41 [orc priest/nerve-wracking pain (13)]
  2256 | D:4      | Killed from afar by an orc priest

Illustrated notes

Levels and vault maps discovered:
D:1:      dpeg_arrival_simpleton_b, layout_rooms, serial_shops, shop,
          st_stairs_13, chequers_serial_rivers_micro_d, hangedman_decor_growths,
          minmay_tetromino_l4
D:2:      layout_rooms, serial_bayou_lagoon_a, serial_bayou_pond_a,
          item_on_display_a
D:3:      layout_loops_corners, mainiacjoe_overflow_small_starburst
D:4:      layout_loops_corners, uniq_menkaure, uniq_duvessa,
          uniq_crazy_yiuf_cottage, uniq_robin

Skill      XL: |  1  2  3  4 |
---------------+-------------+-----
Axes           | 3 4 |  4.2
Armour         | 4 |  4.4
Fighting       | 4 |  4.4
Shields        | 4 |  4.3

Action                     |  1- 3 |  4- 6 || total
---------------------------+-------+-------++-------
  Melee: War axe           |    97 |    30 ||   127
         Headbutt          |    10 |     7 ||    17
    Use: Potion            |       |     2 ||     2
 Armour: Scale mail        |    53 |     6 ||    59
         Chain mail        |       |     6 ||     6
  Dodge: Dodged            |    38 |    13 ||    51
  Block: Buckler           |    26 |     8 ||    34
